Unix NetHack Version 3.7.0-70 Work-in-progress - last build Jan 20 2023 13:47:53 (416de4da9be3a1557180d233d1398bca634ded6a,branch:master). Game began 2023-01-20 22:45:24, ended 2023-01-20 22:53:54. wbn, chaotic male human Rogue -------- ----- |......| ... |......| . |....).-# . ------.-# . # ### d# # # #@0 ## # d # ## # ##### #### # # # ### ## # -----.-------|- --|--------- ###|.............| |.......<..| ##|.............| |..........- ###|.............| |..........| #-.............| |........|.| --------------- |..........| ------------ Wbn the Footpad St:13 Dx:18 Co:14 In:10 Wi:10 Ch:10 Chaotic S:381 Dlvl:4 $:57 HP:0(21) Pw:4(4) AC:7 Xp:2/31 T:927 Fainted Deaf Latest messages: You kill the acid blob! The little dog picks up a dart. You hear a door open. The little dog drops a dart. There is a staircase down here. You see here a dart. You descend the stairs. This door is locked. Unlock it with your lock pick? [ynq] (q) You succeed in picking the lock. The door resists! The door opens. With great effort you move the boulder. You try to move the boulder, but in vain. You climb up the stairs. There is a staircase down to level 5 here. You see here a dart. The door opens. You stop. Your little dog is in the way! You swap places with your little dog. You are beginning to feel weak. You hear the splashing of a naiad. You hear the splashing of a naiad. You see here 11 gold pieces. $ - 11 gold pieces (57 in total). The door resists! The door opens. Pick an object. You hear some noises. You hear some noises in the distance. With great effort you move the boulder. The coyote bites! You miss the coyote. The coyote bites! You faint from lack of food. The coyote bites! The coyote bites! The coyote bites! The coyote bites! The coyote bites! The coyote bites! The coyote bites! The coyote bites! The coyote bites! You die... Do you want your possessions identified? [ynq] (y) Do you want to see your attributes? [ynq] (y) Do you want an account of creatures vanquished? [ynaq] (y) Do you want to see your conduct and achievements? [ynq] (y) Do you want to see the dungeon overview? [ynq] (y) Inventory: Coins $ - 57 gold pieces Weapons g - 6 +0 darts b - 8 +0 daggers (alternate weapons; not wielded) a - a +0 short sword (weapon in hand) Armor c - a blessed +1 leather armor (being worn) Scrolls i - an uncursed scroll of fire Potions h - a cursed potion of healing d - an uncursed potion of sickness Wands j - a wand of opening (0:7) Tools f - an empty uncursed sack e - an uncursed lock pick Wbn the Rogue's attributes: Background: You were a Footpad, a level 2 male human Rogue. You were chaotic, on a mission for Kos who was opposed by Issek (lawful) and Mog (neutral). You were in the Dungeons of Doom, on level 4. You entered the dungeon 927 turns ago. It was nighttime. You had 31 experience points, 9 more were needed to attain level 3. Your score was 381 before end-of-game adjustments. Basics: You had 0 out of 21 hit points. You had all 4 energy points (spell power). Your armor class was 7. Your wallet contained 57 zorkmids. Autopickup was off. Final Characteristics: Your strength was 13 (base:14, limit:18/100). Your dexterity was 18 (limit:18). Your constitution was 14 (limit:18). Your intelligence was 10 (limit:18). Your wisdom was 10 (limit:18). Your charisma was 10 (limit:18). Final Status: You were deaf. You were fainted due to starvation. You were unencumbered. You were wielding a short sword. You had basic skill with short sword. Final Attributes: You were fervently aligned. You were stealthy. You were warded. You are dead. Miscellaneous: You encountered 1 bones level. Total elapsed playing time was 8 minutes and 27 seconds. Major events: Turn 1: wbn the chaotic male human Rogue entered the dungeon 748: entered the Gnomish Mines 927: killed by a coyote, while fainted from lack of food Vanquished creatures: an acid blob a large kobold a green mold a red mold 2 jackals 2 foxes a kobold a sewer rat 3 grid bugs 2 kobold zombies 2 newts 17 creatures vanquished. No species were genocided or became extinct. Voluntary challenges: You were vegetarian. You were an atheist. You read items or engraved 1 time. You never engraved Elbereth. You never genocided any monsters. You never polymorphed an object. You never changed form. You used no wishes. Achievements: You entered a shop. You entered the Gnomish Mines. The Dungeons of Doom: levels 1 to 5 Level 1: A fountain. Level 2: A general store, an altar, a fountain. Level 3: A fountain. Stairs down to The Gnomish Mines. Level 4: <- You were here. A grave. Final resting place for you, killed by a coyote, while fainted from lack of food. Level 5: A fountain. The Gnomish Mines: Level 4: Final resting place for Croesus-Val-Dwa-Fem-Law, killed by a housecat, MHL-Tou-Hum-Mal-Neu, killed by an arrow. Game over: ---------- / \ / REST \ / IN \ / PEACE \ / \ | wbn | | 57 Au | | killed by a | | coyote | | | | | | 2023 | *| * * * | * _________)/\\_//(\/(/\)/\//\/|_)_______ Goodbye wbn the Rogue... You died in The Dungeons of Doom on dungeon level 4 with 376 points, and 57 pieces of gold, after 927 moves. You were level 2 with a maximum of 21 hit points when you died.